1975 views
Uploaded 2023-04-09 12:42:43
Game version 1.35 (6115)
14:10 long 4on4 ladder game on (8)Arathor_S2_v1.3
Saved by DKnight
1975 views
Uploaded 2023-04-09 12:42:43
Game version 1.35 (6115)
14:10 long 4on4 ladder game on (8)Arathor_S2_v1.3


140 units @ 17.8k
/ 1.8k
57 buildings @ 8.7k
/ 3.5k


| Rod of Necromancy | 2 | 300 |
| Lesser Clarity Potion | 2 | 140 |
| Healing Salve | 1 | 100 |
| total: | 5 | 540g |
| Acolyte | 2 | 150 | / | 0 |
| Ghoul | 3 | 360 | / | 0 |
| Crypt Fiend | 12 | 2580 | / | 480 |
| Obsidian Statue | 4 | 800 | / | 140 |
| total: | 21 | 3890g | / | 620w |
| Crypt | 1 | 200 | / | 50 |
| Graveyard | 1 | 215 | / | 0 |
| Altar of Darkness | 1 | 180 | / | 50 |
| Ziggurat | 5 | 750 | / | 250 |
| Tomb of Relics | 1 | 130 | / | 30 |
| Slaughterhouse | 1 | 140 | / | 135 |
| Halls of the Dead | 2 | 640 | / | 420 |
| Black Citadel | 2 | 650 | / | 460 |
| total: | 10 | 1615g | / | 515w |
| 0:03 | Acolyte |
| 0:03 | Acolyte |
| 0:07 | Crypt |
| 0:21 | Graveyard |
| 0:42 | Altar of Darkness |
| 0:56 | Ziggurat |
| 1:09 | Ghoul |
| 1:09 | Ghoul |
| 1:35 | Tomb of Relics |
| 1:48 | Ghoul |
| 1:57 | Crypt Fiend |
| 2:14 | Ziggurat |
| 2:44 | Rod of Necromancy |
| 2:46 | Death Coil |
| 3:10 | Crypt Fiend |
| 3:26 | Halls of the Dead |
| 3:47 | Crypt Fiend |
| 3:59 | Ziggurat |
| 4:09 | Unholy Aura |
| 4:16 | Rod of Necromancy |
| 4:55 | Crypt Fiend |
| 5:21 | Healing Salve |
| 5:28 | Lesser Clarity Potion |
| 5:29 | Lesser Clarity Potion |
| 5:53 | Burrow |
| 6:00 | Slaughterhouse |
| 6:46 | Death Coil |
| 6:51 | Frost Nova |
| 6:51 | Crypt Fiend |
| 6:55 | Black Citadel |
| 7:26 | Obsidian Statue |
| 7:29 | Ziggurat |
| 7:31 | Creature Attack |
| 8:23 | Creature Carapace |
| 8:58 | Dark Ritual |
| 9:02 | Crypt Fiend |
| 9:03 | Obsidian Statue |
| 9:38 | Obsidian Statue |
| 10:08 | Obsidian Statue |
| 10:37 | Improved Creature Attack |
| 10:38 | Improved Creature Carapace |
| 10:42 | Ziggurat |
| 10:51 | Web |
| 11:08 | Death Pact |
| 11:20 | Frost Nova |
| 11:21 | Crypt Fiend |
| 11:23 | Crypt Fiend |
| 11:24 | Crypt Fiend |
| 11:52 | Crypt Fiend |
| 12:10 | Crypt Fiend |
| 12:24 | Crypt Fiend |
| 13:13 | Advanced Creature Attack |
| 13:42 | Destroyer Form |
| Right click | 890 |
| Select group | 658 |
| Select | 256 |
| Misc. action | 99 |
| Build/train/purchase | 93 |
| Assign group | 39 |
| Use ability | 25 |
| Item give/drop | 1 |
| Minimap ping | 1 |



| Healing Salve | 5 | 500 |
| Scroll of Speed | 1 | 50 |
| Orb of Lightning | 1 | 375 |
| Potion of Healing | 1 | 150 |
| Lesser Clarity Potion | 1 | 70 |
| total: | 9 | 1145g |
| Peon | 13 | 975 | / | 0 |
| Grunt | 10 | 2000 | / | 0 |
| Troll Headhunter | 8 | 1120 | / | 160 |
| Shaman | 4 | 520 | / | 80 |
| Demolisher | 1 | 220 | / | 50 |
| total: | 36 | 4835g | / | 290w |
| Altar of Storms | 2 | 360 | / | 100 |
| Orc Burrow | 5 | 800 | / | 200 |
| Barracks | 1 | 180 | / | 50 |
| War Mill | 1 | 205 | / | 0 |
| Voodoo Lounge | 1 | 130 | / | 30 |
| Spirit Lodge | 2 | 300 | / | 300 |
| Beastiary | 1 | 145 | / | 140 |
| Stronghold | 1 | 315 | / | 190 |
| Fortress | 9 | 2925 | / | 1710 |
| total: | 13 | 2120g | / | 820w |
| 0:02 | Altar of Storms |
| 0:03 | Peon |
| 0:05 | Altar of Storms |
| 0:15 | Peon |
| 0:19 | Orc Burrow |
| 0:22 | Peon |
| 0:22 | Peon |
| 0:22 | Peon |
| 0:35 | Barracks |
| 0:43 | Peon |
| 0:43 | Peon |
| 0:54 | Peon |
| 0:54 | Peon |
| 1:02 | Peon |
| 1:03 | Peon |
| 1:14 | War Mill |
| 1:21 | Peon |
| 1:21 | Peon |
| 1:41 | Grunt |
| 1:41 | Grunt |
| 1:41 | Grunt |
| 1:41 | Grunt |
| 1:41 | Grunt |
| 1:41 | Grunt |
| 1:41 | Grunt |
| 1:41 | Grunt |
| 1:41 | Grunt |
| 1:41 | Grunt |
| 1:58 | Orc Burrow |
| 2:06 | Endurance Aura |
| 2:28 | Troll Headhunter |
| 2:32 | Voodoo Lounge |
| 3:09 | Stronghold |
| 3:23 | War Stomp |
| 3:26 | Troll Headhunter |
| 3:38 | Healing Salve |
| 3:38 | Healing Salve |
| 3:41 | Scroll of Speed |
| 3:44 | Troll Headhunter |
| 3:44 | Troll Headhunter |
| 4:14 | Troll Headhunter |
| 4:42 | Troll Headhunter |
| 4:43 | Steel Ranged Weapons |
| 4:44 | Orc Burrow |
| 5:12 | Troll Headhunter |
| 5:20 | War Stomp |
| 5:39 | Fortress |
| 5:49 | Healing Salve |
| 5:49 | Healing Salve |
| 6:00 | Troll Regeneration |
| 6:25 | Thorium Ranged Weapons |
| 6:43 | Hex |
| 8:51 | Healing Wave |
| 8:51 | Healing Wave |
| 8:58 | Berserker Upgrade |
| 9:10 | Endurance Aura |
| 9:10 | Troll Headhunter |
| 9:13 | Spirit Lodge |
| 9:15 | Spirit Lodge |
| 10:38 | Shaman Adept Training |
| 10:38 | Shaman Master Training |
| 10:38 | Shaman |
| 11:08 | Healing Wave |
| 11:14 | Shaman |
| 11:26 | Orc Burrow |
| 11:26 | Orc Burrow |
| 11:44 | Witch Doctor Adept Training |
| 11:44 | Witch Doctor Master Training |
| 12:11 | Shaman |
| 12:22 | Critical Strike |
| 12:23 | Orb of Lightning |
| 12:23 | Potion of Healing |
| 12:23 | Healing Salve |
| 12:24 | Lesser Clarity Potion |
| 12:31 | Endurance Aura |
| 13:22 | Shaman |
| 13:32 | Hex |
| 13:40 | Demolisher |
| 13:43 | Beastiary |
| Right click | 740 |
| Select group | 548 |
| Select | 282 |
| Misc. action | 177 |
| Assign group | 132 |
| Build/train/purchase | 129 |
| Use ability | 23 |
| Item give/drop | 3 |
| Esc | 3 |
| Minimap ping | 1 |



| Scroll of Regeneration | 2 | 200 |
| Lesser Clarity Potion | 3 | 210 |
| Potion of Healing | 2 | 300 |
| Boots of Speed | 1 | 250 |
| total: | 8 | 960g |
| Peasant | 21 | 1575 | / | 0 |
| Footman | 11 | 1485 | / | 0 |
| Mortar Team | 3 | 540 | / | 210 |
| Priest | 2 | 270 | / | 20 |
| Knight | 2 | 490 | / | 120 |
| total: | 39 | 4360g | / | 350w |
| Scout Tower | 1 | 30 | / | 20 |
| Arcane Tower | 3 | 210 | / | 150 |
| Altar of Kings | 1 | 180 | / | 50 |
| Farm | 9 | 720 | / | 180 |
| Barracks | 1 | 160 | / | 60 |
| Town Hall | 1 | 385 | / | 205 |
| Lumber Mill | 1 | 120 | / | 0 |
| Arcane Vault | 2 | 260 | / | 60 |
| Blacksmith | 1 | 140 | / | 60 |
| Arcane Sanctum | 1 | 150 | / | 140 |
| Workshop | 3 | 420 | / | 420 |
| Keep | 2 | 640 | / | 420 |
| Castle | 3 | 1080 | / | 630 |
| total: | 21 | 2565g | / | 1195w |
| 0:03 | Peasant |
| 0:03 | Peasant |
| 0:07 | Altar of Kings |
| 0:19 | Farm |
| 0:24 | Farm |
| 0:25 | Barracks |
| 0:32 | Peasant |
| 0:33 | Peasant |
| 0:33 | Peasant |
| 0:45 | Peasant |
| 0:45 | Peasant |
| 0:46 | Peasant |
| 0:57 | Peasant |
| 0:57 | Peasant |
| 1:07 | Peasant |
| 1:28 | Footman |
| 1:31 | Peasant |
| 1:46 | Farm |
| 1:49 | Footman |
| 1:59 | Farm |
| 2:03 | Peasant |
| 2:03 | Peasant |
| 2:03 | Peasant |
| 2:12 | Summon Water Elemental |
| 2:44 | Peasant |
| 2:44 | Peasant |
| 2:53 | Brilliance Aura |
| 3:00 | Scout Tower |
| 3:09 | Footman |
| 3:40 | Town Hall |
| 3:51 | Lumber Mill |
| 3:54 | Peasant |
| 3:54 | Peasant |
| 3:57 | Footman |
| 4:35 | Arcane Vault |
| 4:39 | Arcane Tower |
| 4:42 | Improved Lumber Harvesting |
| 4:42 | Advanced Lumber Harvesting |
| 5:03 | Summon Water Elemental |
| 5:10 | Footman |
| 5:14 | Peasant |
| 5:18 | Defend |
| 5:20 | Scroll of Regeneration |
| 5:20 | Lesser Clarity Potion |
| 5:23 | Scroll of Regeneration |
| 5:31 | Farm |
| 5:56 | Keep |
| 6:31 | Footman |
| 6:58 | Footman |
| 7:13 | Farm |
| 7:14 | Blacksmith |
| 7:17 | Improved Masonry |
| 7:19 | Arcane Vault |
| 7:26 | Footman |
| 7:28 | Footman |
| 7:34 | Farm |
| 7:36 | Farm |
| 7:54 | Footman |
| 8:05 | Footman |
| 8:20 | Castle |
| 8:24 | Arcane Sanctum |
| 8:30 | Workshop |
| 8:32 | Workshop |
| 9:22 | Iron Plating |
| 9:22 | Steel Plating |
| 9:22 | Black Gunpowder |
| 9:22 | Refined Gunpowder |
| 9:29 | Farm |
| 9:38 | Workshop |
| 9:49 | Potion of Healing |
| 9:49 | Lesser Clarity Potion |
| 9:51 | Potion of Healing |
| 9:51 | Lesser Clarity Potion |
| 9:54 | Mortar Team |
| 9:54 | Mortar Team |
| 10:07 | Priest |
| 10:07 | Priest |
| 10:07 | Priest Adept Training |
| 10:08 | Priest Master Training |
| 10:09 | Advanced Masonry |
| 10:14 | Peasant |
| 10:19 | Storm Bolt |
| 10:31 | Boots of Speed |
| 10:34 | Mortar Team |
| 10:45 | Thunder Clap |
| 11:12 | Animal War Training |
| 11:13 | Knight |
| 11:52 | Knight |
| 12:19 | Brilliance Aura |
| 12:43 | Holy Light |
| 13:18 | Thunder Clap |
| Right click | 1144 |
| Select | 575 |
| Misc. action | 337 |
| Select group | 311 |
| Build/train/purchase | 153 |
| Assign group | 53 |
| Use ability | 17 |
| Item give/drop | 4 |
| Esc | 2 |
| Remove unit | 1 |



| Orb of Venom | 1 | 325 |
| Staff of Preservation | 1 | 150 |
| Potion of Mana | 2 | 400 |
| Scroll of Town Portal | 1 | 350 |
| total: | 5 | 1225g |
| Wisp | 25 | 1500 | / | 0 |
| Archer | 13 | 1690 | / | 130 |
| Dryad | 2 | 290 | / | 120 |
| Mountain Giant | 2 | 700 | / | 200 |
| Assassin | 2 | 500 | / | 60 |
| total: | 44 | 4680g | / | 510w |
| Altar of Elders | 1 | 180 | / | 50 |
| Moon Well | 6 | 1080 | / | 240 |
| Ancient of War | 1 | 150 | / | 60 |
| Tree of Life | 1 | 340 | / | 185 |
| Hunter's Hall | 1 | 210 | / | 100 |
| Ancient of Wonders | 1 | 90 | / | 30 |
| Ancient of Lore | 2 | 310 | / | 290 |
| Tree of Ages | 2 | 640 | / | 360 |
| Tree of Eternity | 2 | 660 | / | 400 |
| total: | 13 | 2360g | / | 955w |
| 0:01 | Wisp |
| 0:03 | Wisp |
| 0:11 | Altar of Elders |
| 0:17 | Moon Well |
| 0:22 | Wisp |
| 0:31 | Wisp |
| 0:38 | Ancient of War |
| 0:41 | Wisp |
| 0:52 | Wisp |
| 0:52 | Wisp |
| 0:53 | Wisp |
| 0:53 | Wisp |
| 0:53 | Wisp |
| 0:53 | Wisp |
| 0:53 | Wisp |
| 0:53 | Wisp |
| 0:53 | Wisp |
| 1:00 | Wisp |
| 1:29 | Moon Well |
| 1:32 | Wisp |
| 1:39 | Archer |
| 1:39 | Archer |
| 1:39 | Archer |
| 1:39 | Archer |
| 1:39 | Archer |
| 1:39 | Archer |
| 1:39 | Archer |
| 1:57 | Wisp |
| 2:01 | Moon Well |
| 2:07 | Wisp |
| 2:11 | Force of Nature |
| 2:11 | Force of Nature |
| 2:50 | Wisp |
| 2:52 | Tree of Life |
| 3:16 | Entangling Roots |
| 3:21 | Archer |
| 3:36 | Archer |
| 3:42 | Archer |
| 4:00 | Archer |
| 4:05 | Tree of Ages |
| 4:22 | Hunter's Hall |
| 4:35 | Assassin |
| 4:35 | Assassin |
| 5:03 | Entangling Roots |
| 5:07 | Archer |
| 5:07 | Wisp |
| 5:08 | Wisp |
| 5:08 | Wisp |
| 5:08 | Wisp |
| 5:23 | Archer |
| 5:39 | Wisp |
| 5:40 | Wisp |
| 6:42 | Improved Bows |
| 6:42 | Tree of Eternity |
| 6:44 | Ancient of Lore |
| 6:45 | Ancient of Lore |
| 6:45 | Ancient of Wonders |
| 7:34 | Reinforced Hides |
| 7:47 | Black Arrow |
| 8:22 | Dryad |
| 8:23 | Moon Well |
| 8:24 | Moon Well |
| 8:53 | Improved Reinforced Hides |
| 9:13 | Hardened Skin |
| 9:14 | Resistant Skin |
| 9:25 | Moon Well |
| 9:54 | Orb of Venom |
| 9:55 | Scroll of Town Portal |
| 9:56 | Staff of Preservation |
| 9:56 | Potion of Mana |
| 10:03 | Mountain Giant |
| 10:06 | Strength of the Wild |
| 10:07 | Improved Strength of the Wild |
| 10:14 | Potion of Mana |
| 10:48 | Force of Nature |
| 10:50 | Silence |
| 10:51 | Trueshot Aura |
| 10:58 | Mountain Giant |
| 11:40 | Scout |
| 12:09 | Dryad |
| 12:10 | Advanced Strength of the Wild |
| Select group | 392 |
| Right click | 288 |
| Misc. action | 272 |
| Select | 261 |
| Build/train/purchase | 81 |
| Assign group | 51 |
| Use ability | 25 |
| Item give/drop | 3 |
| Esc | 1 |
119 units @ 13.8k
/ 0.9k
47 buildings @ 7.8k
/ 3.1k

| Potion of Mana | 2 | 400 |
| total: | 2 | 400g |
| Acolyte | 3 | 225 | / | 0 |
| Ghoul | 3 | 360 | / | 0 |
| Crypt Fiend | 10 | 2150 | / | 400 |
| total: | 16 | 2735g | / | 400w |
| Nerubian Tower | 1 | 100 | / | 20 |
| Spirit Tower | 2 | 290 | / | 80 |
| Crypt | 1 | 200 | / | 50 |
| Ziggurat | 5 | 750 | / | 250 |
| Altar of Darkness | 1 | 180 | / | 50 |
| Tomb of Relics | 1 | 130 | / | 30 |
| Graveyard | 1 | 215 | / | 0 |
| Slaughterhouse | 1 | 140 | / | 135 |
| Halls of the Dead | 1 | 320 | / | 210 |
| total: | 10 | 1615g | / | 515w |
| 0:06 | Acolyte |
| 0:06 | Acolyte |
| 0:14 | Crypt |
| 0:18 | Ziggurat |
| 0:40 | Altar of Darkness |
| 1:06 | Ziggurat |
| 1:15 | Ghoul |
| 1:24 | Tomb of Relics |
| 1:33 | Ghoul |
| 1:54 | Ghoul |
| 2:05 | Nerubian Tower |
| 2:28 | Graveyard |
| 2:50 | Impale |
| 3:53 | Crypt Fiend |
| 3:53 | Crypt Fiend |
| 4:19 | Halls of the Dead |
| 4:32 | Spiked Carapace |
| 5:23 | Crypt Fiend |
| 5:24 | Crypt Fiend |
| 5:26 | Creature Carapace |
| 5:58 | Crypt Fiend |
| 6:31 | Ziggurat |
| 6:34 | Ziggurat |
| 7:05 | Web |
| 7:06 | Crypt Fiend |
| 7:09 | Improved Creature Carapace |
| 7:10 | Creature Attack |
| 7:31 | Spirit Tower |
| 8:04 | Acolyte |
| 8:59 | Crypt Fiend |
| 8:59 | Crypt Fiend |
| 9:26 | Crypt Fiend |
| 9:50 | Potion of Mana |
| 10:25 | Ziggurat |
| 10:29 | Slaughterhouse |
| 11:17 | Crypt Fiend |
| 11:29 | Spirit Tower |
| 12:39 | Impale |
| 13:08 | Potion of Mana |
| Right click | 151 |
| Select | 115 |
| Build/train/purchase | 36 |
| Use ability | 12 |
| Minimap ping | 1 |

| Lesser Clarity Potion | 2 | 140 |
| Potion of Healing | 2 | 300 |
| Potion of Mana | 2 | 400 |
| Moonstone | 1 | 50 |
| total: | 7 | 890g |
| Wisp | 20 | 1200 | / | 0 |
| Archer | 20 | 2600 | / | 200 |
| Hippogryph | 4 | 640 | / | 80 |
| total: | 44 | 4440g | / | 280w |
| Ancient Protector | 2 | 270 | / | 160 |
| Altar of Elders | 1 | 180 | / | 50 |
| Moon Well | 6 | 1080 | / | 240 |
| Ancient of War | 1 | 150 | / | 60 |
| Ancient of Wonders | 1 | 90 | / | 30 |
| Hunter's Hall | 1 | 210 | / | 100 |
| Tree of Life | 2 | 680 | / | 370 |
| Ancient of Wind | 2 | 300 | / | 280 |
| Tree of Ages | 2 | 640 | / | 360 |
| total: | 16 | 2960g | / | 1290w |
| 0:04 | Wisp |
| 0:05 | Wisp |
| 0:07 | Altar of Elders |
| 0:09 | Moon Well |
| 0:26 | Wisp |
| 0:35 | Ancient of War |
| 0:43 | Wisp |
| 0:48 | Wisp |
| 0:57 | Wisp |
| 1:20 | Wisp |
| 1:28 | Moon Well |
| 1:36 | Archer |
| 1:40 | Wisp |
| 1:41 | Wisp |
| 1:55 | Ancient of Wonders |
| 2:04 | Wisp |
| 2:09 | Force of Nature |
| 2:21 | Archer |
| 2:31 | Hunter's Hall |
| 2:44 | Archer |
| 3:06 | Archer |
| 3:35 | Wisp |
| 3:35 | Wisp |
| 3:36 | Wisp |
| 3:46 | Entangling Roots |
| 3:49 | Archer |
| 3:58 | Tree of Life |
| 4:00 | Tree of Life |
| 4:13 | Lesser Clarity Potion |
| 4:18 | Ancient Protector |
| 4:21 | Wisp |
| 4:43 | Ancient Protector |
| 5:05 | Tree of Ages |
| 5:28 | Strength of the Moon |
| 5:31 | Moon Well |
| 5:32 | Moon Well |
| 5:34 | Moon Well |
| 5:35 | Moon Well |
| 5:48 | Entangling Roots |
| 5:59 | Archer |
| 6:24 | Moon Armor |
| 7:18 | Archer |
| 7:30 | Ancient of Wind |
| 7:30 | Ancient of Wind |
| 7:44 | Potion of Healing |
| 7:57 | Archer |
| 7:57 | Archer |
| 8:18 | Potion of Healing |
| 8:19 | Potion of Mana |
| 8:28 | Potion of Mana |
| 8:32 | Wisp |
| 8:51 | Archer |
| 8:52 | Archer |
| 9:00 | Wisp |
| 9:00 | Wisp |
| 9:01 | Wisp |
| 9:01 | Wisp |
| 9:16 | Lesser Clarity Potion |
| 9:16 | Moonstone |
| 9:24 | Archer |
| 9:37 | Archer |
| 9:55 | Archer |
| 10:04 | Hippogryph |
| 10:12 | Archer |
| 10:30 | Wisp |
| 10:43 | Hippogryph |
| 11:03 | Archer |
| 11:03 | Archer |
| 11:03 | Archer |
| 11:37 | Archer |
| 11:37 | Archer |
| 11:38 | Hippogryph |
| 11:39 | Hippogryph |
| Right click | 542 |
| Select | 279 |
| Select group | 161 |
| Build/train/purchase | 76 |
| Misc. action | 28 |
| Assign group | 27 |
| Use ability | 23 |
| Chat | 11 |
| Esc | 2 |
| Minimap ping | 1 |

| Scroll of Regeneration | 1 | 100 |
| Lesser Clarity Potion | 1 | 70 |
| Potion of Healing | 3 | 450 |
| Potion of Mana | 3 | 600 |
| total: | 8 | 1220g |
| Peasant | 14 | 1050 | / | 0 |
| Footman | 22 | 2970 | / | 0 |
| total: | 36 | 4020g | / | 0w |
| Altar of Kings | 1 | 180 | / | 50 |
| Barracks | 2 | 320 | / | 120 |
| Farm | 4 | 320 | / | 80 |
| Lumber Mill | 1 | 120 | / | 0 |
| Arcane Vault | 1 | 130 | / | 30 |
| Town Hall | 1 | 385 | / | 205 |
| Keep | 1 | 320 | / | 210 |
| Castle | 1 | 360 | / | 210 |
| total: | 10 | 1455g | / | 485w |
| 0:02 | Peasant |
| 0:03 | Peasant |
| 0:05 | Altar of Kings |
| 0:07 | Barracks |
| 0:26 | Farm |
| 0:39 | Peasant |
| 0:54 | Peasant |
| 0:59 | Farm |
| 1:07 | Peasant |
| 1:11 | Footman |
| 1:11 | Footman |
| 1:25 | Peasant |
| 1:41 | Footman |
| 1:43 | Farm |
| 1:53 | Footman |
| 2:09 | Summon Water Elemental |
| 2:19 | Footman |
| 2:23 | Farm |
| 2:25 | Peasant |
| 2:40 | Lumber Mill |
| 2:42 | Peasant |
| 2:42 | Peasant |
| 3:22 | Footman |
| 3:30 | Brilliance Aura |
| 3:40 | Arcane Vault |
| 3:52 | Town Hall |
| 4:01 | Peasant |
| 4:01 | Peasant |
| 4:07 | Improved Lumber Harvesting |
| 4:36 | Footman |
| 5:04 | Keep |
| 5:09 | Peasant |
| 5:50 | Barracks |
| 5:54 | Peasant |
| 5:54 | Peasant |
| 5:58 | Scroll of Regeneration |
| 5:59 | Lesser Clarity Potion |
| 6:03 | Summon Water Elemental |
| 6:53 | Footman |
| 7:38 | Footman |
| 7:53 | Footman |
| 8:04 | Footman |
| 8:22 | Footman |
| 8:37 | Footman |
| 8:41 | Potion of Healing |
| 8:45 | Footman |
| 8:53 | Footman |
| 8:53 | Footman |
| 9:27 | Potion of Healing |
| 9:35 | Potion of Mana |
| 9:55 | Footman |
| 9:55 | Footman |
| 9:55 | Footman |
| 10:05 | Potion of Mana |
| 10:08 | Castle |
| 10:44 | Footman |
| 10:44 | Footman |
| 10:45 | Footman |
| 11:43 | Potion of Mana |
| 11:52 | Potion of Healing |
| Right click | 467 |
| Select | 309 |
| Build/train/purchase | 101 |
| Select group | 90 |
| Assign group | 42 |
| Misc. action | 31 |
| Use ability | 1 |
| Minimap ping | 1 |

| Potion of Healing | 3 | 450 |
| Potion of Mana | 1 | 200 |
| Lesser Clarity Potion | 1 | 70 |
| Scroll of Town Portal | 2 | 700 |
| total: | 7 | 1420g |
| Wisp | 9 | 540 | / | 0 |
| Archer | 13 | 1690 | / | 130 |
| Chimaera | 1 | 330 | / | 70 |
| total: | 23 | 2560g | / | 200w |
| Altar of Elders | 1 | 180 | / | 50 |
| Moon Well | 5 | 900 | / | 200 |
| Ancient of War | 1 | 150 | / | 60 |
| Ancient of Wonders | 1 | 90 | / | 30 |
| Hunter's Hall | 1 | 210 | / | 100 |
| Chimaera Roost | 2 | 280 | / | 380 |
| Tree of Ages | 1 | 320 | / | 180 |
| Tree of Eternity | 1 | 330 | / | 200 |
| total: | 11 | 1810g | / | 820w |
| 0:07 | Wisp |
| 0:07 | Wisp |
| 0:18 | Altar of Elders |
| 0:22 | Wisp |
| 0:27 | Moon Well |
| 0:40 | Ancient of War |
| 0:42 | Wisp |
| 0:47 | Wisp |
| 0:56 | Wisp |
| 1:27 | Ancient of Wonders |
| 1:32 | Wisp |
| 1:34 | Wisp |
| 1:42 | Archer |
| 1:45 | Archer |
| 2:06 | Moon Well |
| 2:24 | Immolation |
| 2:59 | Hunter's Hall |
| 3:06 | Moon Well |
| 3:10 | Archer |
| 3:10 | Archer |
| 3:48 | Wisp |
| 4:03 | Tree of Ages |
| 4:19 | Evasion |
| 4:36 | Archer |
| 4:37 | Archer |
| 4:39 | Strength of the Moon |
| 5:09 | Archer |
| 5:09 | Archer |
| 5:41 | Archer |
| 5:43 | Moon Armor |
| 5:46 | Reinforced Hides |
| 6:26 | Immolation |
| 7:01 | Archer |
| 7:02 | Archer |
| 7:02 | Archer |
| 7:08 | Tree of Eternity |
| 7:14 | Potion of Healing |
| 7:20 | Scroll of Town Portal |
| 8:03 | Archer |
| 8:04 | Improved Bows |
| 8:09 | Potion of Healing |
| 8:24 | Scroll of Town Portal |
| 9:00 | Potion of Healing |
| 9:06 | Potion of Mana |
| 9:33 | Chimaera Roost |
| 9:38 | Chimaera Roost |
| 9:49 | Moon Well |
| 9:57 | Lesser Clarity Potion |
| 10:55 | Moon Well |
| 11:05 | Chimaera |
| Right click | 366 |
| Select | 119 |
| Build/train/purchase | 60 |
| Use ability | 8 |
| Minimap ping | 3 |
⇛